 Dungeon Crawl Stone Soup version 0.30-b1-2-g02819fbbbe (webtiles) character file.

Game seed: 4265854953265747391

104 redmage the Digger (level 5, -1/38 HPs)
             Began as a Meteoran Earth Elementalist on Aug 8, 2023.
             Killed by nerve-wracking pain
             ... invoked by an orc priest
              (11 damage)
             ... on level 4 of the Dungeon.
             The game lasted 00:06:07 (574 turns).

redmage the Digger (Meteoran Earth Elementalist)     Turns: 574, Time: 00:06:09

Health: -1/38      AC:  2    Str: 10    XL:     5   Next: 30%
Magic:  6/10       EV: 12    Int: 18    God:
Gold:   45         SH:  0    Dex: 14    Spells: 4/10 levels left

rFire   . . .        (no weapon)
rCold   . . .        (no shield)
rNeg    . . .        a - +0 robe
rPois   .            (no helmet)
rElec   .            (no cloak)
rCorr   .            (no gloves)
SInv    .            (no boots)
Will    .....        (no amulet)
Stlth   +            (no ring)
HPRegen 0.26/turn    (no ring)
MPRegen 0.12/turn

%: no passive effects
@: glowing
A: sense surroundings 1, otherworldly, glowing, explore regen
a: no special abilities


You were on level 4 of the Dungeon.
You visited 1 branch of the dungeon, and saw 5 of its levels.

You collected 45 gold pieces.

Inventory:

Missiles
 h - 5 poisoned darts
Armour
 a - a +0 robe (worn)
Potions
 b - a potion of magic
 d - a potion of might
 e - a potion of haste
 f - 2 potions of berserk rage {unknown}
 j - a potion of curing {unknown}
 k - a potion of invisibility {unknown}


   Skills:
 - Level 2.4 Dodging
 - Level 1.4 Stealth
 - Level 3.0 Spellcasting
 * Level 3.3 Conjurations
 - Level 1.2 Transmutations
 + Level 5.2 Earth Magic


You had 4 spell levels left.
You knew the following spells:

 Your Spells              Type           Power      Damage    Failure   Level
a - Sandblast             Erth           42%        2d11      1%          1
b - Passwall              Tmut/Erth      11%        N/A       7%          2
c - Stone Arrow           Conj/Erth      36%        3d9       9%          3

Your spell library contained the following spells:

 Spells                   Type           Power      Damage    Failure   Level
 Petrify                  Tmut/Erth      14%        N/A       41%         4


Dungeon Overview and Level Annotations

Branches:
Dungeon (5/15) Zot: 2398
 Temple: D:4-7

Altars:
Uskayaw
Vehumet

Annotations:
D:3 exclusion: statue
D:5 Prince Ribbit


Innate Abilities, Weirdness & Mutations

You passively map a small area around you.
You are easily found by Zot.
You glow in the dark.
You regain HP and MP as you explore.


Message History

There is a stone staircase leading down here.
Casting: Sandblast (safe; 1% risk of failure)
Confirm with . or Enter, or press ? or * to list all spells.
Aiming: Sandblast (safe; 1% risk of failure)
Press: ? - help, Shift-Dir - straight line, f - orc
Aim: an orc, wielding a +0 club and wearing a +0 leather armour (83% to hit)
The blast of sand hits the orc!
You kill the orc!
Unknown command.
You climb downwards.
The orc priest hits you with a +0 mace!
There is a stone staircase leading up here.
The orc priest hits you with a +0 mace.
You climb upwards.
Level annotation: exclusion: statue
There is a stone staircase leading down here.
Casting: Sandblast (safe; 1% risk of failure)
Confirm with . or Enter, or press ? or * to list all spells.
The spell is quite dangerous to miscast (10% risk of failure)!
Continue anyway?
Okay, then.
Unknown command.
Casting: Stone Arrow (quite dangerous; 10% risk of failure)
Confirm with . or Enter, or press ? or * to list all spells.
The spell is quite dangerous to miscast (10% risk of failure)!
Continue anyway?
Aiming: Stone Arrow (quite dangerous; 10% risk of failure)
Press: ? - help, Shift-Dir - straight line, f - orc priest
Aim: an orc priest, wielding a +0 mace (68% to hit)
The stone arrow hits the orc priest!
You kill the orc priest!
Your Conjurations skill increases to level 3!
You have reached level 5!
Things that are here:
a +0 mace; an orc corpse
There is a stone staircase leading down here.
You climb downwards.
The orc priest calls down the wrath of Beogh upon you.
Beogh smites you!
* * * LOW HITPOINT WARNING * * *
The orc priest invokes the aid of Beogh against you.
Pain shoots through your body!
You die...

, * , , , ..# , ...###
## ...#., .# , * ,#.#.*
*.# #.#...###.# , ,,
........#.# ,
#.###..@#.###### * *
#............... *
######.......### #.#
######.#...#.# #.# ** ,
, #.##.......# #
#.####. ,
###.##.#o###.# #......
,, ...##)#.). ... *
#....#
###.##.######...####...
*
#....o.†.............##
,


You could see an orc priest.

Vanquished Creatures
  An orc priest (D:3)
  An iguana (D:4)
  2 adders (D:4)
  A white imp (D:4)
  2 orcs
  2 endoplasms (D:4)
  3 goblins
  A hobgoblin (D:4)
  4 jackals (D:3)
  2 kobolds
  A ball python (D:3)
  2 frilled lizards (D:1)
  A rat (D:2)
23 creatures vanquished.

Notes
Turn   | Place    | Note
-------+----------+-------------------------------------------
     0 | D:1      | redmage the Meteoran Earth Elementalist began the quest for
                  | the Orb.
     0 | D:1      | Reached XP level 1. HP: 14/14 MP: 5/5
   145 | D:2      | Reached XP level 2. HP: 20/20 MP: 5/7
   149 | D:2      | Learned a level 2 spell: Passwall
   162 | D:1      | Reached skill level 4 in Earth Magic
   244 | D:3      | Found a radiant altar of Vehumet.
   244 | D:3      | Noticed a charred statue
   309 | D:4      | Reached XP level 3. HP: 26/26 MP: 4/8
   313 | D:4      | Learned a level 3 spell: Stone Arrow
   325 | D:4      | Reached skill level 1 in Conjurations
   325 | D:4      | Reached XP level 4. HP: 15/33 MP: 0/9
   363 | D:5      | Entered Level 5 of the Dungeon
   363 | D:5      | Noticed Prince Ribbit
   444 | D:4      | Found a hide-covered altar of Uskayaw.
   450 | D:4      | Reached skill level 5 in Earth Magic
   571 | D:3      | Reached XP level 5. HP: 25/38 MP: 5/10
   574 | D:4      | Killed from afar by an orc priest

Illustrated notes

Levels and vault maps discovered:
D:1:      wander_arrival_fairy_ring, layout_basic,
          shapermc_ecumenical_altar_venn, minmay_tetromino_l2
D:2:      layout_basic
D:3:      layout_loops_corners, vehumet_statue, chequers_serial_rivers_large_a
D:4:      layout_basic, marbit_many_paths, small_statue_intersection
D:5:      minmay_skewed_foursquare, layout_loops_ring, serial_rivers,
          chequers_serial_rivers_room_b, chequers_serial_rivers_micro_d,
          chequers_serial_rivers_small_a, chequers_serial_rivers_room_a,
          serial_shops, nicolae_shop_rolled_up, small_statue_intersection,
          uniq_pikel, uniq_prince_ribbit1

Skill      XL: |  1  2  3  4 |
---------------+-------------+-----
Spellcasting   | 3 |  3.0
Earth Magic    | 4 5 |  5.2
Conjurations   | 1 3 |  3.3
Dodging        | |  2.4
Stealth        | |  1.4
Transmutations | |  1.2

Action                     |  1- 3 |  4- 6 || total
---------------------------+-------+-------++-------
   Cast: Sandblast         |    21 |    18 ||    39
         Stone Arrow       |     1 |     1 ||     2
         Passwall          |       |     2 ||     2
    Use: Scroll            |       |     4 ||     4
 Armour: Robe              |     3 |     1 ||     4
  Dodge: Dodged            |     7 |     5 ||    12
